TOP OF THE 1ST |
Greenport Harbor Whales batting - Pitching for Northwest Territory Beavers : RHP Bernardo Hernández
|
Pitching: RHP Bernardo Hernández
|
|
Batting: LHB Davis Davenport
|
0-0: Called Strike 0-1: Hit by Pitch
|
Batting: RHB Mariano Cabral
|
0-0: Ball 1-0: Foul Ball, location: 2F 1-1: Called Strike 1-2: Foul Ball, location: 2F 1-2: Foul Ball, location: 2F 1-2: Ball 2-2: Ball 3-2: Foul Ball, location: 2F 3-2: Foul Ball, location: 2F 3-2: Base on Balls Davis Davenport to second
|
Batting: LHB Albert Hanson
|
0-0: SINGLE (Flyball, 7S, EV 91.2 MPH) Davis Davenport to third Mariano Cabral to second
|
Batting: RHB Robert Robinson
|
0-0: Ball 1-0: Fly out, F2 (Popup, 15S, EV 95.0 MPH)
|
Batting: LHB Adrián Vargas
|
0-0: Ball 1-0: Foul Ball, location: 2F 1-1: SINGLE (Line Drive, 56D, EV 106.2 MPH) Davis Davenport scores Mariano Cabral to third Albert Hanson to second
|
Batting: RHB Andrew Rijerkerk
|
0-0: SINGLE (Flyball, 9LS, EV 98.8 MPH) Mariano Cabral scores Albert Hanson to third Adrián Vargas to second Runner from 3rd tries for Home, throw by RF and OUT! 9-2
|
Batting: SHB Júlio Martínez
|
0-0: Foul Ball, location: 2F 0-1: Fly out, F9 (Flyball, 9S, EV 87.5 MPH)
|
Top of the 1st over - 2 runs, 3 hits, 0 errors, 2 left on base; Greenport 2 - Northwest Territory 0 |
BOTTOM OF THE 1ST |
Northwest Territory Beavers batting - Pitching for Greenport Harbor Whales : RHP Manny Guerra
|
Pitching: RHP Manny Guerra
|
|
Batting: SHB Nick Thomas
|
0-0: Ball 1-0: Foul Ball, location: 2F 1-1: Ball 2-1: Called Strike 2-2: Foul Ball, location: 2F 2-2: Foul Ball, location: 2F 2-2: Strikes out swinging
|
Batting: LHB Rusty Taylor
|
0-0: Ball 1-0: Called Strike 1-1: Swinging Strike 1-2: Ball 2-2: Ball 3-2: Foul Ball, location: 2F 3-2: Foul Ball, location: 2F 3-2: Fly out, F7 (Flyball, 78XD, EV 106.9 MPH)
|
Batting: RHB Tsu-wee Tsou
|
0-0: Ball 1-0: Ball 2-0: Ball 3-0: Called Strike 3-1: Base on Balls
|
Batting: LHB Maik Zuydam
|
0-0: Fly out, F8 (Flyball, 8RS, EV 81.9 MPH)
|
Bottom of the 1st over - 0 runs, 0 hits, 0 errors, 1 left on base; Greenport 2 - Northwest Territory 0 |
TOP OF THE 2ND |
Greenport Harbor Whales batting - Pitching for Northwest Territory Beavers : RHP Bernardo Hernández
|
Batting: RHB Doug Randall
|
0-0: Swinging Strike 0-1: Fly out, F8 (Flyball, 8LM, EV 94.4 MPH)
|
Batting: RHB Logan Ward
|
0-0: Called Strike 0-1: Ground out 6-3 (Groundball, 6, EV 110.6 MPH)
|
Batting: LHB Davis Davenport
|
0-0: SINGLE (Groundball, 6MD, EV 98.8 MPH)
|
Batting: RHB Mariano Cabral
|
0-0: Ball 1-0: Foul Ball, location: 2F 1-1: Ball 2-1: Fly out, F8 (Flyball, 8LS, EV 88.8 MPH)
|
Top of the 2nd over - 0 runs, 1 hit, 0 errors, 1 left on base; Greenport 2 - Northwest Territory 0 |
BOTTOM OF THE 2ND |
Northwest Territory Beavers batting - Pitching for Greenport Harbor Whales : RHP Manny Guerra
|
Batting: RHB Hyun-soo Yi
|
0-0: DOUBLE (Line Drive, 3D, EV 100.0 MPH)
|
Batting: RHB John Warren
|
0-0: Called Strike 0-1: Foul Ball, location: 2F 0-2: Strikes out swinging
|
Batting: LHB Bill Booth
|
0-0: Ball 1-0: Called Strike 1-1: Ball 2-1: Fly out, F9 (Flyball, 89M, EV 70.6 MPH)
|
Batting: RHB Sotatsu Yamasaki
|
0-0: Swinging Strike 0-1: DOUBLE (Line Drive, 7LM, EV 90.6 MPH) Hyun-soo Yi scores
|
Batting: RHB Xavier Gonzalez
|
0-0: Called Strike 0-1: Called Strike 0-2: Fly out, F8 (Flyball, 8LS, EV 84.4 MPH)
|
Bottom of the 2nd over - 1 run, 2 hits, 0 errors, 1 left on base; Greenport 2 - Northwest Territory 1 |
TOP OF THE 3RD |
Greenport Harbor Whales batting - Pitching for Northwest Territory Beavers : RHP Bernardo Hernández
|
Batting: LHB Albert Hanson
|
0-0: Ball 1-0: Foul Ball, location: 2F 1-1: Ground out 6-3 (Groundball, 6, EV 88.8 MPH)
|
Batting: RHB Robert Robinson
|
0-0: Ball 1-0: Called Strike 1-1: Called Strike 1-2: Foul Ball, location: 2F 1-2: Strikes out swinging
|
Batting: LHB Adrián Vargas
|
0-0: Ball 1-0: Foul Ball, location: 2F 1-1: Ball 2-1: Ball 3-1: Base on Balls
|
Batting: RHB Andrew Rijerkerk
|
0-0: Called Strike 0-1: SINGLE (Groundball, 6MD, EV 101.2 MPH) Adrián Vargas to second
|
Batting: SHB Júlio Martínez
|
0-0: Called Strike 0-1: Ball 1-1: Ball Wild Pitch! Adrián Vargas to third Andrew Rijerkerk to second 2-1: Ball 3-1: Called Strike 3-2: Foul Ball, location: 2F 3-2: DOUBLE (Flyball, 9LD, EV 105.6 MPH) Adrián Vargas scores Andrew Rijerkerk scores
|
Batting: RHB Doug Randall
|
0-0: Foul Ball, location: 2F 0-1: Ground out 5-3 (Groundball, 5, EV 90.6 MPH)
|
Top of the 3rd over - 2 runs, 2 hits, 0 errors, 1 left on base; Greenport 4 - Northwest Territory 1 |
BOTTOM OF THE 3RD |
Northwest Territory Beavers batting - Pitching for Greenport Harbor Whales : RHP Manny Guerra
|
Batting: SHB Nick Thomas
|
0-0: SINGLE (Groundball, 4M, EV 83.1 MPH) (infield hit)
|
Batting: LHB Rusty Taylor
|
0-0: Called Strike Nick Thomas steals 2nd base (no throw) 0-1: Fly out, F7 (Flyball, 7D, EV 80.0 MPH)
|
Batting: RHB Tsu-wee Tsou
|
0-0: Ball 1-0: Ball 2-0: SINGLE (Line Drive, 89S, EV 95.6 MPH) Nick Thomas to third Runner from 3rd tries for Home, SAFE, no throw by RF
|
Batting: LHB Maik Zuydam
|
0-0: DOUBLE (Line Drive, 7LM, EV 112.5 MPH) Tsu-wee Tsou to third Runner from 3rd tries for Home, SAFE, no throw by LF
|
Batting: RHB Hyun-soo Yi
|
0-0: Called Strike 0-1: Ball 1-1: Called Strike Maik Zuydam steals 3rd base 1-2: Strikes out swinging
|
Batting: RHB John Warren
|
0-0: Called Strike 0-1: Ball 1-1: Swinging Strike 1-2: Ball 2-2: Strikes out looking
|
Bottom of the 3rd over - 2 runs, 3 hits, 0 errors, 1 left on base; Greenport 4 - Northwest Territory 3 |
TOP OF THE 4TH |
Greenport Harbor Whales batting - Pitching for Northwest Territory Beavers : RHP Bernardo Hernández
|
Batting: RHB Logan Ward
|
0-0: Swinging Strike 0-1: Ball 1-1: Foul Ball, location: 2F 1-2: Ball 2-2: Ball 3-2: Foul Ball, location: 2F 3-2: Strikes out looking
|
Batting: LHB Davis Davenport
|
0-0: Ball 1-0: SINGLE (Groundball, 6, EV 77.5 MPH) (infield hit)
|
Batting: RHB Mariano Cabral
|
0-0: Ball 1-0: Called Strike 1-1: Fly out, F8 (Line Drive, 8LS, EV 94.4 MPH)
|
Batting: LHB Albert Hanson
|
0-0: Ball 1-0: Fly out, F6 (Popup, 6D, EV 58.8 MPH)
|
Top of the 4th over - 0 runs, 1 hit, 0 errors, 1 left on base; Greenport 4 - Northwest Territory 3 |
BOTTOM OF THE 4TH |
Northwest Territory Beavers batting - Pitching for Greenport Harbor Whales : RHP Manny Guerra
|
Batting: LHB Bill Booth
|
0-0: Ball 1-0: Ball 2-0: Called Strike 2-1: Foul Ball, location: 2F 2-2: SINGLE (Flyball, 7LS, EV 89.4 MPH)
|
Batting: RHB Sotatsu Yamasaki
|
0-0: Ball 1-0: Grounds into double play, 5-4-3 (Groundball, 56S, EV 85.0 MPH)
|
Batting: RHB Xavier Gonzalez
|
0-0: Ball 1-0: Foul Ball, location: 2F 1-1: Ball 2-1: Ground out 6-3 (Groundball, 6S, EV 89.4 MPH)
|
Bottom of the 4th over - 0 runs, 1 hit, 0 errors, 0 left on base; Greenport 4 - Northwest Territory 3 |
TOP OF THE 5TH |
Greenport Harbor Whales batting - Pitching for Northwest Territory Beavers : RHP Bernardo Hernández
|
Batting: RHB Robert Robinson
|
0-0: Called Strike 0-1: Ball 1-1: Foul Ball, location: 2F 1-2: Foul Ball, location: 2F 1-2: Foul Ball, location: 2F 1-2: Foul Ball, location: 2F 1-2: Strikes out looking
|
Batting: LHB Adrián Vargas
|
0-0: Ball 1-0: Foul Ball, location: 2F 1-1: Ball 2-1: SINGLE (Groundball, 4MD, EV 101.9 MPH)
|
Batting: RHB Andrew Rijerkerk
|
0-0: Ball 1-0: Called Strike 1-1: Foul Ball, location: 2F 1-2: Fly out, F8 (Flyball, 89XD, EV 79.4 MPH)
|
Batting: SHB Júlio Martínez
|
0-0: Ball 1-0: Called Strike 1-1: Reached on error, E4 (Groundball, 4, EV 101.2 MPH) Adrián Vargas to second
|
Batting: RHB Doug Randall
|
0-0: Ball 1-0: SINGLE (Flyball, 7LS, EV 92.5 MPH) Adrián Vargas to third Júlio Martínez to second
|
Batting: RHB Logan Ward
|
0-0: Called Strike 0-1: Reached on error, E5 (Groundball, 56, EV 83.8 MPH) Adrián Vargas scores Júlio Martínez to third Doug Randall to second
|
Pitching: RHP Buddy Santegoeds
|
|
Batting: LHB Davis Davenport
|
0-0: Ball 1-0: Called Strike 1-1: Ground out U3 (Groundball, 34, EV 101.2 MPH)
|
Top of the 5th over - 1 run, 2 hits, 2 errors, 3 left on base; Greenport 5 - Northwest Territory 3 |
BOTTOM OF THE 5TH |
Northwest Territory Beavers batting - Pitching for Greenport Harbor Whales : RHP Manny Guerra
|
Batting: SHB Nick Thomas
|
0-0: Swinging Strike 0-1: Called Strike 0-2: Strikes out swinging
|
Batting: LHB Rusty Taylor
|
0-0: Fly out, F8 (Flyball, 78XD, EV 80.6 MPH)
|
Batting: RHB Tsu-wee Tsou
|
0-0: DOUBLE (Line Drive, 78D, EV 101.2 MPH)
|
Batting: LHB Maik Zuydam
|
0-0: TRIPLE (Line Drive, 89XD, EV 107.5 MPH) Tsu-wee Tsou scores
|
Batting: RHB Hyun-soo Yi
|
0-0: Called Strike 0-1: Swinging Strike 0-2: Foul Ball, location: 2F 0-2: Foul Ball, location: 2F 0-2: Ball 1-2: Foul Ball, location: 2F 1-2: Strikes out swinging
|
Bottom of the 5th over - 1 run, 2 hits, 0 errors, 1 left on base; Greenport 5 - Northwest Territory 4 |
TOP OF THE 6TH |
Greenport Harbor Whales batting - Pitching for Northwest Territory Beavers : RHP Buddy Santegoeds
|
Batting: RHB Mariano Cabral
|
0-0: Called Strike 0-1: Ground out 6-3 (Groundball, 6D, EV 100.0 MPH)
|
Batting: LHB Albert Hanson
|
0-0: Ball 1-0: Ball 2-0: SINGLE (Line Drive, 9LS, EV 96.2 MPH)
|
Batting: RHB Robert Robinson
|
0-0: Ball 1-0: Ball 2-0: Called Strike 2-1: Swinging Strike 2-2: Ball 3-2: Strikes out swinging
|
Batting: LHB Adrián Vargas
|
0-0: Swinging Strike 0-1: Foul Ball, location: 2F 0-2: Strikes out looking
|
Top of the 6th over - 0 runs, 1 hit, 0 errors, 1 left on base; Greenport 5 - Northwest Territory 4 |
BOTTOM OF THE 6TH |
Northwest Territory Beavers batting - Pitching for Greenport Harbor Whales : RHP Manny Guerra
|
Batting: RHB John Warren
|
0-0: Ball 1-0: Ball 2-0: Ball 3-0: Called Strike 3-1: Foul Ball, location: 2F 3-2: Foul Ball, location: 2F 3-2: SINGLE (Groundball, 4MD, EV 107.5 MPH)
|
Batting: LHB Bill Booth
|
0-0: Bunted foul 0-1: Bunted foul 0-2: Foul Ball, location: 2F 0-2: Reached on error, E4 (Groundball, 4, EV 110.0 MPH) John Warren to second
|
Batting: RHB Sotatsu Yamasaki
|
0-0: Bunted foul 0-1: Sac Bunt to P - play at first, batter OUT! 1-4 John Warren to third Bill Booth to second
|
Batting: RHB Xavier Gonzalez
|
0-0: Ball 1-0: Ball 2-0: Foul Ball, location: 2F 2-1: Swinging Strike 2-2: Fly out, F7 (Flyball, 7LS, EV 91.9 MPH)
|
Batting: SHB Nick Thomas
|
0-0: Foul Ball, location: 2F 0-1: Ball 1-1: Called Strike 1-2: Ball 2-2: Ball 3-2: SINGLE (Flyball, 89S, EV 85.6 MPH) John Warren scores Bill Booth to third Bill Booth scores
|
Pitching: LHP Todd Wilcox
|
|
Batting: LHB Rusty Taylor
|
0-0: Ball Nick Thomas steals 2nd base 1-0: Ball 2-0: Called Strike 2-1: Ball 3-1: Swinging Strike 3-2: Base on Balls
|
Batting: RHB Tsu-wee Tsou
|
0-0: Called Strike 0-1: Ground out 4-3 (Groundball, 34, EV 101.9 MPH)
|
Bottom of the 6th over - 2 runs, 2 hits, 1 error, 2 left on base; Greenport 5 - Northwest Territory 6 |
TOP OF THE 7TH |
Greenport Harbor Whales batting - Pitching for Northwest Territory Beavers : RHP Buddy Santegoeds
|
Batting: RHB Andrew Rijerkerk
|
0-0: Ball 1-0: Ball 2-0: Called Strike 2-1: Called Strike 2-2: Foul Ball, location: 2F 2-2: Ball 3-2: Strikes out swinging
|
Batting: SHB Júlio Martínez
|
0-0: Ball 1-0: Ball 2-0: Called Strike 2-1: Foul Ball, location: 2F 2-2: Ball 3-2: Strikes out swinging
|
Batting: RHB Doug Randall
|
0-0: Ball 1-0: Called Strike 1-1: SINGLE (Groundball, 56S, EV 65.0 MPH) (infield hit)
|
Pinch Hitting: RHB Jeffrey Lewis
|
0-0: Called Strike 0-1: Ball 1-1: SINGLE (Groundball, 56D, EV 104.4 MPH) Doug Randall to second
|
Batting: LHB Davis Davenport
|
0-0: Ball 1-0: Ball 2-0: Fly out, F8 (Flyball, 89D, EV 86.9 MPH)
|
Top of the 7th over - 0 runs, 2 hits, 0 errors, 2 left on base; Greenport 5 - Northwest Territory 6 |
BOTTOM OF THE 7TH |
Northwest Territory Beavers batting - Pitching for Greenport Harbor Whales : LHP Todd Wilcox
|
Now in RF: Fabian Ekkel
|
|
Batting: LHB Maik Zuydam
|
0-0: Foul Ball, location: 2F 0-1: Ground out 4-3 (Groundball, 4, EV 83.1 MPH)
|
Batting: RHB Hyun-soo Yi
|
0-0: Called Strike 0-1: Ball 1-1: Ball 2-1: Swinging Strike 2-2: Strikes out swinging
|
Batting: RHB John Warren
|
0-0: Ground out 4-3 (Groundball, 4, EV 105.6 MPH)
|
Bottom of the 7th over - 0 runs, 0 hits, 0 errors, 0 left on base; Greenport 5 - Northwest Territory 6 |
TOP OF THE 8TH |
Greenport Harbor Whales batting - Pitching for Northwest Territory Beavers : RHP Buddy Santegoeds
|
Now at 3B: Ramón Moreno
|
|
Batting: RHB Mariano Cabral
|
0-0: Ball 1-0: Called Strike 1-1: Ball 2-1: SINGLE (Flyball, 9LM, EV 97.5 MPH)
|
Pitching: RHP Christian Hebert
|
|
Batting: LHB Albert Hanson
|
0-0: Fly out, F7 (Flyball, 7LMF, EV 98.8 MPH)
|
Batting: RHB Robert Robinson
|
0-0: Foul Ball, location: 2F 0-1: Ball 1-1: Swinging Strike 1-2: Ball 2-2: Ball 3-2: Foul Ball, location: 2F 3-2: Strikes out swinging
|
Batting: LHB Adrián Vargas
|
0-0: Ground out 4-3 (Groundball, 4, EV 106.2 MPH)
|
Top of the 8th over - 0 runs, 1 hit, 0 errors, 1 left on base; Greenport 5 - Northwest Territory 6 |
BOTTOM OF THE 8TH |
Northwest Territory Beavers batting - Pitching for Greenport Harbor Whales : LHP Todd Wilcox
|
Batting: LHB Bill Booth
|
0-0: Ball 1-0: Ball 2-0: Called Strike 2-1: Called Strike 2-2: Ball 3-2: Foul Ball, location: 2F 3-2: Fly out, F4 (Line Drive, 4, EV 75.6 MPH)
|
Batting: RHB Sotatsu Yamasaki
|
0-0: Called Strike 0-1: Called Strike 0-2: Ball 1-2: Ball 2-2: Fly out, F8 (Line Drive, 8LM, EV 89.4 MPH)
|
Batting: RHB Xavier Gonzalez
|
0-0: Called Strike 0-1: Foul Ball, location: 2F 0-2: Foul Ball, location: 2F 0-2: Foul Ball, location: 2F 0-2: DOUBLE (Groundball, 3L, EV 105.0 MPH)
|
Batting: SHB Nick Thomas
|
0-0: Swinging Strike 0-1: Called Strike 0-2: Ball 1-2: Ball 2-2: Strikes out looking
|
Bottom of the 8th over - 0 runs, 1 hit, 0 errors, 1 left on base; Greenport 5 - Northwest Territory 6 |
TOP OF THE 9TH |
Greenport Harbor Whales batting - Pitching for Northwest Territory Beavers : RHP Christian Hebert
|
Pitching: RHP Aaron Rigsby
|
|
Batting: RHB Andrew Rijerkerk
|
0-0: Ball 1-0: Called Strike 1-1: Foul Ball, location: 2F 1-2: Ball 2-2: Foul Ball, location: 2F 2-2: Foul Ball, location: 2F 2-2: Ball 3-2: Fly out, F8 (Line Drive, 8LD, EV 91.2 MPH)
|
Batting: SHB Júlio Martínez
|
0-0: Foul Ball, location: 2F 0-1: Foul Ball, location: 2F 0-2: Foul Ball, location: 5F, Error on foul ball, E5 0-2: Ground out 4-3 (Groundball, 4, EV 98.1 MPH)
|
Batting: RHB Doug Randall
|
0-0: Ball 1-0: Ground out 4-3 (Groundball, 4M, EV 101.9 MPH)
|
Top of the 9th over - 0 runs, 0 hits, 1 error, 0 left on base; Greenport 5 - Northwest Territory 6 |
|